 Dungeon Crawl Stone Soup version 0.31-a0-1591-g515db51 (webtiles) character file.

Game seed: 16484299520272861136

84 PublicAnimeNo1 the Apothecary (level 4, -2/45 HPs)
             Began as a Demonspawn Alchemist on Jan 6, 2024.
             Was an Initiate of Ashenzari.
             Incinerated by a bombardier beetle (5 damage)
             ... with a burning spray
             ... on level 3 of the Dungeon.
             The game lasted 00:05:05 (2457 turns).

PublicAnimeNo1 the Apothecary (DsAl)                Turns: 2457, Time: 00:05:06

Health: -2/45      AC: 22    Str:  8    XL:     4   Next: 23%
Magic:  7/7        EV:  2    Int: 18    God:    Ashenzari [......]
Gold:   90         SH:  0    Dex: 13    Spells: 3/7 levels left

rFire   . . .        j - +1 dagger (drain)
rCold   . . .        (no shield)
rNeg    . . .        a - melded +0 robe
rPois   +            (helmet currently unavailable)
rElec   .            (cloak currently unavailable)
rCorr   .            g - melded +0 pair of gloves "Share My Submission" {Sorc, Cun} (curse)
SInv    .            (boots currently unavailable)
Will    .....        (no amulet)
Stlth   +            (no ring)
HPRegen 0.27/turn    (no ring)
MPRegen 0.10/turn

%: no passive effects
@: on fire, tree-form, glowing
A: stationary, stasis, torment immunity, boosted hp, (hooves 1), (sharp scales
1)
a: Renounce Religion, Curse Item, Shatter the Chains


You were on level 3 of the Dungeon.
You worshipped Ashenzari.
Ashenzari was noncommittal.
You were a tree.
You visited 1 branch of the dungeon, and saw 3 of its levels.

You collected 90 gold pieces.

Inventory:

Hand Weapons
 d - a +0 dagger
 j - a +1 dagger of draining (weapon)
Armour
 a - a +0 robe (melded)
 f - an orb of wrath
 g - the cursed +0 pair of gloves "Share My Submission" (melded) {Sorc, Cun}
   (You found it on level 1 of the Dungeon)

   It has a curse which improves the following skills: Sorcery: Conjurations and
   Alchemy.
   Cunning:   Dodging and Stealth.
 k - a +0 buckler
Jewellery
 c - a ring of resist corrosion
 e - a ring of poison resistance
Scrolls
 i - a scroll of poison
 m - 2 scrolls of noise
Potions
 b - a potion of magic
 h - a potion of lignification


   Skills:
 - Level 1.7 Dodging
 - Level 1.7 Stealth
 - Level 2.0 Spellcasting
 - Level 1.0 Conjurations
 + Level 5.1 Alchemy


You had 3 spell levels left.
You knew the following spells:

 Your Spells              Type           Power      Damage    Failure   Level
a - Sting                 Conj/Alch      48%        1d6       5%          1
b - Mephitic Cloud        Conj/Alch/Air  9%         N/A       24%         3

Your spell library contained the following spells:

 Spells                   Type           Power      Damage    Failure   Level
 Mercury Vapours          Alch/Air       22%        N/A       10%         2
 Scorch                   Fire           2%         2d5       26%         2
 Olgreb's Toxic Radiance  Alch           20%        N/A       22%         4
 Sticky Flame             Fire/Alch      11%        2d5       54%         4
 Flame Wave               Conj/Fire      3%         2d5       82%         4
 Summon Cactus Giant      Summ           0%         N/A       100%        6


Dungeon Overview and Level Annotations

Branches:
Dungeon (3/15)

Altars:
Ashenzari
Cheibriados

Shops:
D:1 ?


Innate Abilities, Weirdness & Mutations

You are a tree.
Your roots penetrate the ground, keeping you stationary.
You cannot be teleported.
You are immune to unholy pain and torment.
Your maximum health is greatly increased.
Your equipment is partially melded.
((You have large cloven feet.))
((You are partially covered in razor-sharp scales. (AC +1, Slay +1)))


Message History

HP restored.
You see here a rat corpse.
A kobold and a bombardier beetle come into view.
There are monsters nearby!
There are monsters nearby!
The bombardier beetle sprays incendiary fluid at you.
The burning spray hits you.
You are covered in liquid fire!
You hit the bombardier beetle. Your kick misses the bombardier beetle.
The bombardier beetle is lightly wounded.
The liquid fire burns you!
You hit the bombardier beetle.
The bombardier beetle is moderately wounded.
The liquid fire burns you!
The bombardier beetle bites you but does no damage.
You hit the bombardier beetle. You kick the bombardier beetle.
The bombardier beetle is heavily wounded.
The liquid fire burns you! The bombardier beetle bites you.
You are too injured to fight recklessly!
You completely miss the bombardier beetle.
The bombardier beetle is heavily wounded.
The liquid fire burns you! The kobold misses you.
You hit the bombardier beetle. You drain the bombardier beetle.
The bombardier beetle is severely wounded.
The liquid fire burns you!
The bombardier beetle sprays incendiary fluid at you.
The burning spray hits you.
You are even more covered in liquid fire!
The kobold hits you with a +0 whip.
* * * LOW HITPOINT WARNING * * *
You shake off some of the fire as you move.
The liquid fire burns you!
* * * LOW HITPOINT WARNING * * *
It was a potion of lignification.
You turn into a tree.
The cursed +0 pair of gloves "Share My Submission" {Sorc, Cun} melds into your body.
Your +0 robe melds into your body.
Your roots penetrate the ground.
The liquid fire burns you!
You die...

##.######.#.#####
#.# #.#.# ##.#
#.#.# §..## #.#.#
§...#####.#.#
...>'...#.#.#
....##### #.#
###.# #.#.#######
#.# #......†♣.#
#.# ###.#####.#
#.# #.#....B# #.#
#.#.##.K# #.. ..#
#..# ##. #..# .
#..# #..# #..#


You could see a bombardier beetle (very drained) and a kobold.

Vanquished Creatures
  4 adders (D:2)
  A dart slug (D:1)
  A ribbon worm (D:2)
  4 endoplasms
  4 giant cockroaches
  3 goblins
  8 hobgoblins
  2 quokkas
  3 ball pythons
  5 bats
  A frilled lizard (D:1)
  4 kobolds (D:1)
  A rat (D:3)
41 creatures vanquished.

Notes
Turn   | Place    | Note
-------+----------+-------------------------------------------
     0 | D:1      | PublicAnimeNo1 the Demonspawn Alchemist began the quest for
                  | the Orb.
     0 | D:1      | Reached XP level 1. HP: 13/13 MP: 3/3
   220 | D:1      | Found a faded altar of an unknown god.
   225 | D:1      | Gained mutation: You have large cloven feet. [demonic
                  | ancestry]
   225 | D:1      | Reached XP level 2. HP: 19/19 MP: 1/5
   228 | D:1      | Prayed at the altar of an unknown god.
   228 | D:1      | Became a worshipper of Ashenzari the Shackled
   289 | D:1      | Found Vits's Magic Scroll Shop.
   638 | D:1      | Reached skill level 4 in Alchemy
  1092 | D:1      | Gained mutation: You are partially covered in razor-sharp
                  | scales. (AC +1, Slay +1) [demonic ancestry]
  1092 | D:1      | Reached XP level 3. HP: 22/24 MP: 4/6
  1269 | D:2      | Learned a level 3 spell: Mephitic Cloud
  1941 | D:2      | Reached skill level 5 in Alchemy
  1941 | D:2      | Reached XP level 4. HP: 30/30 MP: 7/7
  2374 | D:3      | Found a snail-covered altar of Cheibriados.
  2457 | D:3      | Incinerated by a bombardier beetle

Illustrated notes

Levels and vault maps discovered:
D:1:      amcnicky_arrival_single_pillar, layout_basic, basic_ecumenical_altar,
          serial_shops, shop_fountains, minmay_tetromino_o4
D:2:      layout_basic
D:3:      layout_basic, mainiacjoe_overflow_boulevard,
          ashenzari_conservatory_becter, serial_glass, glass_columns_b,
          glass_columns_b

Skill      XL: |  1  2  3 |
---------------+----------+-----
Alchemy        | 4 5 |  5.1
Dodging        | |  1.7
Stealth        | |  1.7
Spellcasting   | |  2.0
Conjurations   | |  1.0

Action                     |  1- 3 |  4- 6 || total
---------------------------+-------+-------++-------
  Melee: Unarmed           |     1 |       ||     1
         Dagger            |    33 |    11 ||    44
         Kick              |    10 |     2 ||    12
         Punch             |       |     1 ||     1
   Cast: Sting             |    47 |     2 ||    49
 Invoke: Curse Item        |     1 |       ||     1
    Use: Scroll            |     3 |     4 ||     7
         Potion            |       |     1 ||     1
   Stab: Sleeping          |     4 |       ||     4
 Armour: Robe              |    21 |     6 ||    27
  Dodge: Dodged            |    24 |     4 ||    28

Table legend: (Time is in decaauts)
 A = Elapsed time spent in this place.
 B = Non-inter-level travel time spent in this place.
 C = Inter-level travel time spent in this place.
 D = Time resting spent in this place.
 E = Time spent auto-exploring this place.
 F = Levels seen in this place.
 G = Mean time per level.
                   A        B        C        D        E       F      G
               +--------+--------+--------+--------+--------+-----+--------+
         Total |   2455 |   2353 |    102 |    132 |   1894 |   3 |  818.3 |
       Dungeon |   2455 |   2353 |    102 |    132 |   1894 |   3 |  818.3 |
               +--------+--------+--------+--------+--------+-----+--------+

Top non-repeatable levels by time:
     D:2: 1218 daAuts
     D:1: 1143 daAuts
     D:3: 93 daAuts
